 Dungeon Sprint DCSS version 0.19-a0-45-g2c295ea (webtiles) character file.

41 namelastname112 the Sneak (level 3, 3/27 HPs)
             Began as a Vampire Enchanter on May 5, 2016.
             Quit the game in the Dungeon (Sprint IX: "|||||||||||||||||||||||||||||").
             The game lasted 00:01:38 (453 turns).

namelastname112 the Sneak (Vampire Enchanter)        Turns: 453, Time: 00:01:39

Health: 3/27       AC:  3    Str:  7    XL:     3   Next: 32%
Magic:  0/7        EV: 13    Int: 17    God:
Gold:   0          SH:  0    Dex: 15    Spells: 2 memorised, 5 levels left

rFire  . . .     SeeInvis +     a - +1 dagger
rCold  . . .     Gourm    .     b - +1 robe
rNeg   + . .     Faith    .     (no shield)
rPois  .         Spirit   .     (no helmet)
rElec  .         Dismiss  .     (no cloak)
rCorr  .         Reflect  .     (no gloves)
SustAt .         Harm     .     (no boots)
MR     .....     NoTele   +     (no amulet)
Stlth  ++++......               (no ring)
                                (no ring)

@: not resistant to hostile enchantments, stealthy
A: fangs 3, see invisible, unbreathing
a: Bat Form


You were in the Dungeon.
You were not thirsty.

You visited 1 branch

Inventory:

Hand Weapons
 a - a +1 dagger (weapon)
Armour
 b - a +1 robe (worn)
Scrolls
 j - a scroll of blinking
Potions
 d - a potion of blood
 e - a potion of curing
 g - a potion of haste
 h - 2 potions of magic
Books
 c - a book of Maledictions

   Spells                             Type                      Level
   a - Corona                         Hexes                        1
   b - Ensorcelled Hibernation        Hexes/Ice                    2
   c - Confuse                        Hexes                        3
   d - Tukima's Dance                 Hexes                        3
   e - Dazzling Spray                 Conjuration/Hexes            3


   Skills:
 + Level 2.1 Fighting
 + Level 3.1 Short Blades
 + Level 3.5 Dodging
 + Level 6.0 Stealth
 + Level 3.1 Spellcasting
 + Level 5.8 Hexes


You had 5 spell levels left.
You knew the following spells:

 Your Spells              Type           Power        Failure   Level  Hunger
a - Corona                Hex            ###....      1%          1    None
b - Ensorcelled Hibernat  Hex/Ice        ##....       10%         2    ##.....


Dungeon Overview and Level Annotations

Branches:
Dungeon (1/1)

Altars:


Innate Abilities, Weirdness & Mutations

You have razor-sharp teeth.
You have supernaturally acute eyesight.
You can survive without breathing.


Message History

You miss the crimson imp. You closely miss the crimson imp.
The crimson imp barely misses you.
Unknown command.
You hit the crimson imp but do no damage.
The crimson imp hits you but does no damage.
There is an open door here.
The crimson imp shouts, "Remove thy stench, thou foisting hasty-witted boar-pig!"
Things that are here:
a hand axe; a ring mail
Things that are here:
a worker ant corpse; a giant cockroach corpse
Casting: Ensorcelled Hibernation
Confirm with . or Enter, or press ? or * to list all spells.
Aiming: Ensorcelled Hibernation
Press: ? - help, Shift-Dir - straight line, f/p - crimson imp
Aim: a crimson imp (chance to defeat MR: 26%)
The crimson imp resists with almost no effort.
The crimson imp hits you but does no damage.
You now have 0/7 mp.
Are you sure you want to abandon this character and quit the game? (Confirm with "yes".) ▓▓▓▓▓▓▓▓▓▓▓▓▓▓▓▓▓▓ +..@5)'....)'...<▓ ▓▓▓▓▓▓▓▓▓▓▓▓▓▓▓▓▓▓

You could see a crimson imp.

Vanquished Creatures
  A worker ant (D)
  A shadow imp (D)
  A dart slug (D)
  An orc (D)
  A giant cockroach (D)
  A goblin (D)
  A hobgoblin (D)
  A bat (D)
  A giant newt (D)
9 creatures vanquished.

Notes
Turn   | Place    | Note
--------------------------------------------------------------
     0 | D        | namelastname112 the Vampire Enchanter began the quest for the Orb.
     0 | D        | Reached XP level 1. HP: 13/13 MP: 3/3
    24 | D        | Reached skill level 1 in Fighting
    24 | D        | Reached skill level 5 in Hexes
   310 | D        | Noticed a crimson imp
   310 | D        | Noticed a worker ant
   312 | D        | Reached skill level 5 in Stealth
   312 | D        | Reached XP level 2. HP: 21/21 MP: 5/5
   323 | D        | Reached XP level 3. HP: 27/27 MP: 5/7
   325 | D        | Reached skill level 6 in Stealth
   352 | D        | HP: 1/27 [crimson imp (1)]
   393 | D        | Learned a level 2 spell: Ensorcelled Hibernation
   453 | D        | Quit the game

Vault maps used:
D:        linesprint

Skill      XL: |  1  2  3 |
---------------+----------+-----
Fighting       | 1 2 |  2.1
Short Blades   | 2 3 |  3.1
Hexes          | 5 |  5.8
Stealth        | 5 6 |  6.0
Dodging        | 3 |  3.5
Spellcasting   | 3 |  3.1

Action                   || total
-------------------------++-------
Melee: Dagger            ||    88
       Bite              ||     9
 Cast: Corona            ||     4
       Ensorcelled Hiber ||     5
  Use: Potion            ||     4
 Stab: Sleeping          ||     1
Armor: Robe              ||    16
Dodge: Dodged            ||    46
